 Dungeon Crawl Stone Soup version 0.29.0-4-gdea44cf6ec (webtiles) character file.

Game seed: 15953918223390466847

22775 qw the Brawler (level 12, -5/119 HPs)
             Began as a Troll Cinder Acolyte on Sept 3, 2022.
             Was an Initiate of Okawaru.
             Slain by a water moccasin (8 damage)
             ... on level 5 of the Lair of Beasts.
             The game lasted 00:06:16 (10963 turns).

qw the Brawler (Troll Cinder Acolyte)              Turns: 10963, Time: 00:06:16

Health: -5/119     AC: 11    Str: 35    XL:     12   Next: 66%
Magic:  12/12      EV: 13    Int: 10    God:    Okawaru [......]
Gold:   457        SH:  0    Dex:  5    Spells: 13/13 levels left

rFire   . . .      SeeInvis .     - Unarmed
rCold   + . .      Faith    .   (no shield)
rNeg    . . .      Spirit   .   c - +2 robe {rC+ rF+}
rPois   .          Reflect  .   m - +2 hat
rElec   .          Harm     .   e - +2 cloak
rCorr   .          Rampage  .   (gloves unavailable)
Will    .....                   (boots unavailable)
Stlth   +.........              (no amulet)
HPRegen 1.09/turn               o - +6 ring of strength
MPRegen 0.13/turn               i - +4 ring of evasion

@: lethally poisoned (-5 -> -6), about to teleport, fire susceptible
A: large, unfitting armour, claws 3, regeneration 1, shaggy fur 1, tough skin 1
a: Renounce Religion


You were on level 5 of the Lair of Beasts.
You worshipped Okawaru.
Okawaru was noncommittal.
You visited 3 branches of the dungeon, and saw 13 of its levels.
You also visited: Sewer and Ossuary.

You collected 875 gold pieces.
You spent 418 gold pieces at shops.


Innate Abilities, Weirdness & Mutations

You are too large for most types of armour.
You have claws for hands.
Your natural rate of healing is unusually fast.
You are covered in fur. (AC +1)
You have tough skin. (AC +1)


   Skills:
 + Level 7.6 Fighting
 - Level 6.0 Throwing
 - Level 1.0 Armour
 - Level 2.6 Dodging
 - Level 18.0 Unarmed Combat
 - Level 1.0 Spellcasting
 - Level 2.1 Fire Magic


You had 13 spell levels left.
You didn't know any spells.
Your spell library contained the following spells:

 Spells                   Type           Power      Damage    Failure   Level
 Scorch                   Fire           8%         2d5       22%         2

Inventory:

Missiles
 l - 2 silver javelins (quivered)
Armour
 c - a +2 robe of resistance (worn)
 e - a +2 cloak (worn)
 m - a +2 hat (worn)
 q - +0 steam dragon scales
Jewellery
 i - a +4 ring of evasion (right claw)
 o - a +6 ring of strength (left claw)
Scrolls
 d - 2 scrolls of enchant weapon
 f - 5 scrolls of identify
 n - 2 scrolls of brand weapon
 r - a scroll of enchant armour
Potions
 b - 4 potions of haste
 g - 3 potions of cancellation
 h - 14 potions of curing
 k - 2 potions of mutation
 t - a potion of resistance

Dungeon Overview and Level Annotations

Branches:
Dungeon (8/15)             Temple (1/1) D:7            Lair (3/5) D:8
 Shoals (0/4) Lair:3        Snake (0/4) Lair:2        Sewer (visited)
Ossuary (visited)

Altars:
Ashenzari
Cheibriados
Dithmenos
Fedhas
Gozag
Kikubaaqudgha
Makhleb
Nemelex Xobeh
Okawaru
Qazlal
Ru
Trog
Uskayaw
Vehumet
Wu Jian
Xom
Yredelemnul
Zin
The Shining One

Shops:
D:2 (   D:3 (   D:7 !


Message History

You feel strangely unstable. The vampire mosquito bites you.
The vampire mosquito draws strength from your injuries!
The cane toad stings you. The vampire mosquito misses you.
10959 ||| DRINKING potion of heal wounds.
You feel much better.
The bullfrog swells and bulges.
The bullfrog hits the fungus.
The vampire mosquito barely misses you. The cane toad stings you!!
You are poisoned.
The cane toad poisons you! The cane toad stings you!
The cane toad stings the plant!
The plant begins to die.
The blink frog hits the plant!
You tear one of the eight-headed hydra's heads off!
The seven-headed hydra grows two more!
You claw the nine-headed hydra!
The nine-headed hydra is lightly wounded.
You feel very sick.
The bullfrog hits you but does no damage.
The cane toad completely misses you.
The vampire mosquito bites the plant!
The cane toad barely misses you.
The cane toad stings the plant!!
The blink frog hits the plant!
The blink frog blinks!
You rip one of the nine-headed hydra's heads off!
The eight-headed hydra grows two more!
You scratch the ten-headed hydra.
The ten-headed hydra is lightly wounded.
Your surroundings suddenly seem different. 4 elephants, a komodo dragon and a water moccasin come into view.
Found a flail.
You feel sick.
The elephant trumpets! x3; The komodo dragon hisses angrily.
The water moccasin hisses angrily.
You hear an angry hiss.
Enter note:
10962 ||| READING scroll of teleportation.
As you read the scroll of teleportation, it crumbles to dust.
You feel strangely unstable.
You feel sick.
A vampire mosquito comes into view.
You closely miss the water moccasin.
You feel sick.
The vampire mosquito buzzes angrily.
The water moccasin bites you!
You die... ## ##.# #.##P.P ....PPP .l.PP

.... #..
...##..###
......S@.#
.##...YY.......
#...Y)......#
#.#..###......
..#.Y. .#...P
...... .....#
..... .y..#
..... .....


You could see 4 elephants, a komodo dragon, a water moccasin and a vampire
mosquito.

Vanquished Creatures
  A hydra (Lair:1)
  Pikel (D:8)
  3 oklob plants (Lair:2)
  A manticore (Lair:3)
  6 elephants
  Maggie (D:8)
  4 cane toads
  A komodo dragon (Lair:1)
  12 rime drakes
  A polar bear (Lair:2)
  A wind drake (Lair:3)
  20 blink frogs
  3 wyverns (Lair:2)
  3 yaks (Lair:1)
  A basilisk (Lair:1)
  8 steam dragons (Lair:2)
  2 vampire mosquitoes (Lair:5)
  3 nagas (Lair:2)
  13 water moccasins
  4 black bears
  An ice beast (D:6)
  An ogre (D:6)
  2 centaurs (D:8)
  14 wolves (Lair:2)
  A phantom (D:5)
  3 kobold brigands
  A lemure (D:8)
  12 bullfrogs
  5 scorpions
  3 necrophages
  3 water moccasin zombies
  8 wights
  4 howler monkeys
  5 centaur zombies
  2 hounds
  10 orc priests
  A gnoll bouda (D:6)
  3 jellies (Sewer)
  3 iguanas
  8 orc wizards
  A scorpion zombie (Ossuary)
  A killer bee zombie (D:5)
  An ogre zombie (Ossuary)
  A hound zombie (D:5)
  10 gnolls
  5 adders
  A river rat (Sewer)
  A shadow imp (D:7)
  A white imp (D:7)
  3 adder zombies (Ossuary)
  A worm (D:5)
  A dart slug (D:4)
  30 orcs
  10 ball pythons
  3 bats
  12 endoplasms
  12 giant cockroaches
  A gnoll zombie (Ossuary)
  3 goblins
  5 hobgoblins
  6 jackals (D:4)
  14 kobolds
  3 quokkas
  4 frilled lizards
  4 goblin zombies (Ossuary)
  3 hobgoblin zombies (Ossuary)
  A jackal zombie (D:5)
  2 orc zombies (Ossuary)
  12 rats
  A rat zombie (D:5)
332 creatures vanquished.

Vanquished Creatures (others)
  42 fungi
  79 plants
121 creatures vanquished.

Grand Total: 453 creatures vanquished

Notes
Turn   | Place    | Note
-------+----------+-------------------------------------------
     0 | D:1      | qw the Troll Cinder Acolyte began the quest for the Orb.
     0 | D:1      | Reached XP level 1. HP: 22/22 MP: 1/1
     0 | D:1      | 0 ||| qw: Version: 0.1-a-102-g441f92d
     0 | D:1      | 0 ||| qw: Game counter: 5125
     0 | D:1      | 0 ||| qw: Always use a shield: true
     0 | D:1      | 0 ||| qw: God list: Okawaru
     0 | D:1      | 0 ||| qw: Allow faded altars: false
     0 | D:1      | 0 ||| qw: Do Orc after D:15 true
     0 | D:1      | 0 ||| qw: Do second Lair branch before Depths: true
     0 | D:1      | 0 ||| qw: Lair rune preference: random
     0 | D:1      | 0 ||| qw: Plans: Normal
     0 | D:1      | 0 ||| PLANNING D:1-11
     2 | D:1      | Noticed a vampire
     2 | D:1      | Noticed a draconian
     4 | D:1      | Noticed a naga
     4 | D:1      | Noticed a meteoran
     6 | D:1      | Noticed an ogre
     8 | D:1      | Noticed a palentonga
     8 | D:1      | Noticed a merfolk
    10 | D:1      | Noticed an octopode
    10 | D:1      | Noticed a formicid
    12 | D:1      | Noticed a ghoul
    12 | D:1      | Noticed a demigod
    14 | D:1      | Noticed a demonspawn
    16 | D:1      | Noticed a minotaur
    16 | D:1      | Noticed a gargoyle
    18 | D:1      | Noticed a human
    20 | D:1      | Noticed a vine stalker
    20 | D:1      | Noticed a tengu
    22 | D:1      | Noticed a troll
    22 | D:1      | Noticed a felid
    24 | D:1      | Noticed an octopode
    24 | D:1      | Noticed an elf
    26 | D:1      | Noticed a gargoyle
    26 | D:1      | Noticed a troll
   208 | D:1      | Reached skill level 1 in Throwing
   279 | D:1      | Reached XP level 2. HP: 29/29 MP: 2/2
   512 | D:1      | 512 ||| Stepping ~*~*~tactically~*~*~ (stealth).
   513 | D:1      | 513 ||| Stepping ~*~*~tactically~*~*~ (stealth).
   525 | D:1      | You fall into a shaft and drop 1 floor!
   616 | D:2      | Found Taowitol's Antique Weapon Boutique.
   629 | D:2      | 629 ||| READING 3 scrolls labelled KEHULAWIUF.
   630 | D:2      | 630 ||| READING scroll labelled JYITABL MOKHESHON.
   631 | D:2      | 631 ||| DRINKING 2 sapphire potions.
   632 | D:2      | 632 ||| READING 2 scrolls of identify.
   632 | D:2      | 632 ||| IDENTIFYING metallic inky potion
   633 | D:2      | 633 ||| DROPPING potion of attraction.
   908 | D:2      | Found a faded altar of an unknown god.
  1428 | D:2      | 1428 ||| UPGRADING to ring of resist corrosion.
  1429 | D:2      | 1429 ||| UPGRADING to +4 ring of evasion.
  1430 | D:2      | 1430 ||| READING scroll labelled MAIZXELADD.
  1433 | D:2      | 1433 ||| READING scroll labelled HONYTIWATI.
  1434 | D:2      | 1434 ||| READING 2 scrolls of identify.
  1434 | D:2      | 1434 ||| IDENTIFYING ruby potion
  1435 | D:2      | 1435 ||| DROPPING potion of magic.
  1598 | D:3      | Found Caonar's Weapon Shoppe.
  1602 | D:3      | 1602 ||| Stepping ~*~*~tactically~*~*~ (stealth).
  1603 | D:3      | 1603 ||| Stepping ~*~*~tactically~*~*~ (stealth).
  1632 | D:3      | Reached XP level 3. HP: 36/36 MP: 3/3
  1664 | D:3      | Reached skill level 4 in Unarmed Combat
  1866 | D:3      | 1866 ||| INVOKING Fiery Armour.
  1872 | D:3      | Reached XP level 4. HP: 36/44 MP: 4/4
  2316 | D:3      | 2316 ||| DROPPING orb of energy.
  2317 | D:3      | 2317 ||| READING scroll labelled YSCHOO BEZOSH.
  2318 | D:3      | 2318 ||| DRINKING 2 sedimented puce potions.
  2319 | D:3      | 2319 ||| READING 2 scrolls of identify.
  2319 | D:3      | 2319 ||| IDENTIFYING sedimented emerald potion
  2374 | D:4      | 2374 ||| Stepping ~*~*~tactically~*~*~ (stealth).
  2490 | D:4      | Reached skill level 5 in Unarmed Combat
  2644 | D:4      | 2644 ||| Stepping ~*~*~tactically~*~*~ (outnumbered).
  2645 | D:4      | 2645 ||| Stepping ~*~*~tactically~*~*~ (outnumbered).
  2647 | D:4      | 2647 ||| Stepping ~*~*~tactically~*~*~ (outnumbered).
  2648 | D:4      | 2648 ||| Stepping ~*~*~tactically~*~*~ (outnumbered).
  2649 | D:4      | 2649 ||| Stepping ~*~*~tactically~*~*~ (outnumbered).
  2650 | D:4      | 2650 ||| Stepping ~*~*~tactically~*~*~ (outnumbered).
  2651 | D:4      | 2651 ||| Stepping ~*~*~tactically~*~*~ (outnumbered).
  2652 | D:4      | 2652 ||| Stepping ~*~*~tactically~*~*~ (outnumbered).
  2653 | D:4      | 2653 ||| Stepping ~*~*~tactically~*~*~ (outnumbered).
  2654 | D:4      | 2654 ||| Stepping ~*~*~tactically~*~*~ (outnumbered).
  2655 | D:4      | 2655 ||| Stepping ~*~*~tactically~*~*~ (outnumbered).
  2656 | D:4      | 2656 ||| Stepping ~*~*~tactically~*~*~ (outnumbered).
  2657 | D:4      | 2657 ||| Stepping ~*~*~tactically~*~*~ (outnumbered).
  2778 | D:4      | Found a sparkling altar of Nemelex Xobeh.
  3116 | D:4      | Found a stormy altar of Qazlal.
  3121 | D:4      | 3121 ||| INVOKING Fiery Armour.
  3123 | D:4      | 3123 ||| Stepping ~*~*~tactically~*~*~ (outnumbered).
  3124 | D:4      | 3124 ||| Stepping ~*~*~tactically~*~*~ (outnumbered).
  3125 | D:4      | 3125 ||| Stepping ~*~*~tactically~*~*~ (outnumbered).
  3126 | D:4      | 3126 ||| Stepping ~*~*~tactically~*~*~ (outnumbered).
  3128 | D:4      | Reached XP level 5. HP: 50/50 MP: 5/5
  3136 | D:4      | Reached skill level 6 in Unarmed Combat
  3243 | D:4      | 3243 ||| UPGRADING to +1 cloak.
  3248 | D:4      | 3248 ||| READING scroll labelled TOSOCS QICUKE.
  3304 | D:5      | Entered Level 5 of the Dungeon
  3305 | D:5      | 3305 ||| PLANNING OSSUARY
  3314 | D:5      | 3314 ||| Stepping ~*~*~tactically~*~*~ (stealth).
  3319 | D:5      | Found a basalt altar of Yredelemnul.
  3325 | D:5      | Reached XP level 6. HP: 59/59 MP: 6/6
  3342 | D:5      | 3342 ||| Stepping ~*~*~tactically~*~*~ (stealth).
  3344 | D:5      | 3344 ||| Stepping ~*~*~tactically~*~*~ (hiding).
  3347 | D:5      | 3347 ||| INVOKING Fiery Armour.
  3495 | D:5      | Reached skill level 7 in Unarmed Combat
  3524 | D:5      | Reached XP level 7. HP: 52/66 MP: 7/7
  3637 | D:5      | 3637 ||| FLEEEEING.
  3638 | D:5      | 3638 ||| FLEEEEING.
  3639 | D:5      | 3639 ||| FLEEEEING.
  3642 | D:5      | 3642 ||| FLEEEEING.
  3643 | D:5      | 3643 ||| FLEEEEING.
  3644 | D:5      | 3644 ||| FLEEEEING.
  3645 | D:5      | 3645 ||| FLEEEEING.
  3646 | D:5      | 3646 ||| FLEEEEING.
  3647 | D:5      | 3647 ||| FLEEEEING.
  3648 | D:5      | 3648 ||| FLEEEEING.
  3653 | D:5      | Reached skill level 8 in Unarmed Combat
  3739 | D:5      | Found an opulent altar of Gozag.
  3749 | D:5      | Reached skill level 3 in Fighting
  3787 | D:5      | 3787 ||| Stepping ~*~*~tactically~*~*~ (stealth).
  3805 | D:5      | 3805 ||| DRINKING 4 potions of curing.
  3805 | D:5      | 3805 ||| (to cure confusion)
  3844 | D:5      | 3844 ||| Stepping ~*~*~tactically~*~*~ (stealth).
  3848 | D:5      | Found a sand-covered staircase.
  3853 | D:5      | 3853 ||| UPGRADING to +1 robe of positive energy.
  3864 | D:5      | 3864 ||| UPGRADING to +0 robe.
  3869 | D:5      | 3869 ||| UPGRADING to +1 robe of positive energy.
  3879 | D:5      | 3879 ||| DROPPING +0 robe.
  3880 | D:5      | 3880 ||| READING scroll labelled BOENOFOPLAA.
  3888 | Ossuary  | Entered an ossuary
  3921 | Ossuary  | Reached skill level 3 in Throwing
  3934 | Ossuary  | 3934 ||| Stepping ~*~*~tactically~*~*~ (outnumbered).
  3935 | Ossuary  | 3935 ||| Stepping ~*~*~tactically~*~*~ (outnumbered).
  3936 | Ossuary  | 3936 ||| Stepping ~*~*~tactically~*~*~ (outnumbered).
  3937 | Ossuary  | 3937 ||| Stepping ~*~*~tactically~*~*~ (outnumbered).
  3938 | Ossuary  | 3938 ||| Stepping ~*~*~tactically~*~*~ (outnumbered).
  3940 | Ossuary  | 3940 ||| Stepping ~*~*~tactically~*~*~ (outnumbered).
  3941 | Ossuary  | 3941 ||| Stepping ~*~*~tactically~*~*~ (outnumbered).
  3942 | Ossuary  | 3942 ||| Stepping ~*~*~tactically~*~*~ (outnumbered).
  3943 | Ossuary  | 3943 ||| Stepping ~*~*~tactically~*~*~ (outnumbered).
  3945 | Ossuary  | 3945 ||| Stepping ~*~*~tactically~*~*~ (outnumbered).
  3946 | Ossuary  | 3946 ||| Stepping ~*~*~tactically~*~*~ (outnumbered).
  4092 | Ossuary  | Reached XP level 8. HP: 72/75 MP: 8/8
  4103 | Ossuary  | Reached skill level 9 in Unarmed Combat
  4123 | Ossuary  | Reached skill level 1 in Dodging
  4124 | Ossuary  | Noticed a silent spectre
  4158 | D:5      | 4158 ||| PLANNING D:1-11
  4644 | D:5      | 4644 ||| READING scroll labelled KUPOCR EREOCS.
  4645 | D:5      | 4645 ||| READING scroll labelled JITICKITAXT.
  4645 | D:5      | Identified a scroll of acquirement
  4645 | D:5      | 4645 ||| ACQUIRING +2 hat
  4645 | D:5      | Acquired a +2 hat
  4647 | D:5      | 4647 ||| UPGRADING to +2 hat.
  4652 | D:5      | 4652 ||| READING 3 scrolls labelled JIESHR GIRCH.
  4653 | D:5      | 4653 ||| READING 6 scrolls of identify.
  4653 | D:5      | 4653 ||| IDENTIFYING smoky yellow potion
  4654 | D:5      | 4654 ||| READING 5 scrolls of identify.
  4654 | D:5      | 4654 ||| IDENTIFYING metallic orange potion
  4655 | D:5      | 4655 ||| READING 4 scrolls of identify.
  4655 | D:5      | 4655 ||| IDENTIFYING fuming white potion
  4656 | D:5      | 4656 ||| READING 3 scrolls of identify.
  4656 | D:5      | 4656 ||| IDENTIFYING orange potion
  4657 | D:5      | 4657 ||| DROPPING potion of flight.
  4658 | D:5      | 4658 ||| DROPPING potion of lignification.
  4659 | D:5      | 4659 ||| DROPPING potion of berserk rage.
  4660 | D:5      | 4660 ||| DROPPING potion of degeneration.
  4697 | D:6      | 4697 ||| PLANNING SEWER
  4848 | D:6      | 4848 ||| Stepping ~*~*~tactically~*~*~ (stealth).
  4853 | D:6      | Reached skill level 10 in Unarmed Combat
  4857 | D:6      | 4857 ||| Stepping ~*~*~tactically~*~*~ (stealth).
  4865 | D:6      | 4865 ||| Stepping ~*~*~tactically~*~*~ (stealth).
  4868 | D:6      | 4868 ||| Stepping ~*~*~tactically~*~*~ (stealth).
  4870 | D:6      | 4870 ||| Stepping ~*~*~tactically~*~*~ (hiding).
  5121 | D:6      | Found a glowing drain.
  5133 | Sewer    | Entered a sewer
  5169 | Sewer    | 5169 ||| Stepping ~*~*~tactically~*~*~ (stealth).
  5303 | Sewer    | Found a viscous altar of Jiyva.
  5388 | Sewer    | 5388 ||| READING 3 scrolls of identify.
  5388 | Sewer    | 5388 ||| IDENTIFYING fizzy purple potion
  5389 | Sewer    | 5389 ||| READING 2 scrolls of identify.
  5389 | Sewer    | 5389 ||| IDENTIFYING purple potion
  5390 | Sewer    | 5390 ||| DROPPING potion of invisibility.
  5407 | D:6      | 5407 ||| PLANNING D:1-11
  5760 | D:6      | 5760 ||| READING scroll labelled JEC OJITOESEV.
  5781 | D:7      | 5781 ||| Stepping ~*~*~tactically~*~*~ (stealth).
  5783 | D:7      | 5783 ||| Stepping ~*~*~tactically~*~*~ (stealth).
  5791 | D:7      | Reached XP level 9. HP: 84/84 MP: 9/9
  5794 | D:7      | 5794 ||| Stepping ~*~*~tactically~*~*~ (outnumbered).
  5795 | D:7      | 5795 ||| STAIRDANCE
  5996 | D:7      | Found a staircase to the Ecumenical Temple.
  6003 | D:7      | Reached skill level 11 in Unarmed Combat
  6143 | D:7      | 6143 ||| Stepping ~*~*~tactically~*~*~ (outnumbered).
  6144 | D:7      | 6144 ||| Stepping ~*~*~tactically~*~*~ (outnumbered).
  6145 | D:7      | 6145 ||| Stepping ~*~*~tactically~*~*~ (outnumbered).
  6191 | D:7      | Found Fuowau's Distillery.
  6208 | D:7      | 6208 ||| BUYING 2 potions of curing (66 gold).
  6208 | D:7      | Bought 2 potions of curing for 66 gold pieces
  6208 | D:7      | 6208 ||| BUYING 3 potions of curing (99 gold).
  6208 | D:7      | Bought 3 potions of curing for 99 gold pieces
  6208 | D:7      | 6208 ||| BUYING potion of curing (33 gold).
  6208 | D:7      | Bought a potion of curing for 33 gold pieces
  6208 | D:7      | 6208 ||| BUYING potion of haste (110 gold).
  6208 | D:7      | Bought a potion of haste for 110 gold pieces
  6208 | D:7      | 6208 ||| BUYING potion of haste (110 gold).
  6208 | D:7      | Bought a potion of haste for 110 gold pieces
  6208 | D:7      | 6208 ||| SHOPLISTING potion of might (44 gold, have 43).
  6208 | D:7      | 6208 ||| SHOPLISTING potion of mutation (88 gold, have 43).
  6478 | D:7      | 6478 ||| Stepping ~*~*~tactically~*~*~ (hiding).
  6695 | D:7      | 6695 ||| Stepping ~*~*~tactically~*~*~ (hiding).
  7047 | D:7      | 7047 ||| UPGRADING to +6 ring of strength.
  7049 | D:7      | 7049 ||| DROPPING ring of resist corrosion.
  7050 | D:7      | 7050 ||| READING 2 scrolls labelled UTAUXK FEKOQ.
  7051 | D:7      | 7051 ||| READING scroll of enchant armour.
  7051 | D:7      | 7051 ||| ENCHANTING +1 cloak.
  7052 | D:7      | 7052 ||| DRINKING 2 black potions.
  7103 | D:8      | 7103 ||| Stepping ~*~*~tactically~*~*~ (stealth).
  7108 | D:8      | 7108 ||| INVOKING Fiery Armour.
  7110 | D:8      | 7110 ||| Stepping ~*~*~tactically~*~*~ (hiding).
  7125 | D:8      | Reached skill level 12 in Unarmed Combat
  7135 | D:8      | 7135 ||| FLEEEEING.
  7147 | D:8      | 7147 ||| FLEEEEING.
  7148 | D:8      | 7148 ||| FLEEEEING.
  7150 | D:8      | 7150 ||| STAIRDANCE
  7178 | D:8      | 7178 ||| Stepping ~*~*~tactically~*~*~ (stealth).
  7187 | D:8      | Noticed Pikel
  7188 | D:8      | 7188 ||| Stepping ~*~*~tactically~*~*~ (stealth).
  7189 | D:8      | 7189 ||| Stepping ~*~*~tactically~*~*~ (stealth).
  7190 | D:8      | 7190 ||| Stepping ~*~*~tactically~*~*~ (stealth).
  7207 | D:8      | Killed Pikel
  7208 | D:8      | Reached XP level 10. HP: 80/96 MP: 10/10
  7218 | D:8      | 7218 ||| Stepping ~*~*~tactically~*~*~ (stealth).
  7220 | D:8      | 7220 ||| Stepping ~*~*~tactically~*~*~ (stealth).
  7221 | D:8      | 7221 ||| Stepping ~*~*~tactically~*~*~ (stealth).
  7222 | D:8      | 7222 ||| Stepping ~*~*~tactically~*~*~ (stealth).
  7224 | D:8      | 7224 ||| Stepping ~*~*~tactically~*~*~ (stealth).
  7226 | D:8      | 7226 ||| Stepping ~*~*~tactically~*~*~ (hiding).
  7269 | D:8      | Found a staircase to the Lair.
  7279 | D:8      | Reached skill level 13 in Unarmed Combat
  7316 | D:8      | 7316 ||| Stepping ~*~*~tactically~*~*~ (stealth).
  7317 | D:8      | 7317 ||| Stepping ~*~*~tactically~*~*~ (stealth).
  7360 | D:8      | 7360 ||| INVOKING Fiery Armour.
  7371 | D:8      | Reached skill level 1 in Armour
  7406 | D:8      | Noticed Maggie
  7415 | D:8      | Killed Maggie
  7521 | D:8      | 7521 ||| Stepping ~*~*~tactically~*~*~ (stealth).
  7523 | D:8      | 7523 ||| Stepping ~*~*~tactically~*~*~ (stealth).
  7719 | D:8      | 7719 ||| Stepping ~*~*~tactically~*~*~ (stealth).
  7733 | D:8      | 7733 ||| Stepping ~*~*~tactically~*~*~ (outnumbered).
  7735 | D:8      | 7735 ||| Stepping ~*~*~tactically~*~*~ (outnumbered).
  7736 | D:8      | 7736 ||| Stepping ~*~*~tactically~*~*~ (outnumbered).
  7739 | D:8      | 7739 ||| Stepping ~*~*~tactically~*~*~ (outnumbered).
  7778 | D:8      | 7778 ||| Stepping ~*~*~tactically~*~*~ (hiding).
  7779 | D:8      | 7779 ||| Stepping ~*~*~tactically~*~*~ (hiding).
  7964 | D:8      | 7964 ||| PLANNING LAIR
  7964 | D:8      | 7964 ||| UPGRADING to +2 robe of resistance.
  7974 | D:8      | 7974 ||| DROPPING +1 robe of positive energy.
  8018 | Lair:1   | Entered Level 1 of the Lair of Beasts
  8065 | Lair:1   | Noticed a cane toad
  8070 | Lair:1   | Killed a cane toad
  8120 | Lair:1   | Noticed a six-headed hydra
  8121 | Lair:1   | 8121 ||| INVOKING Fiery Armour.
  8128 | Lair:1   | Killed a ten-headed hydra
  8129 | Lair:1   | Reached skill level 14 in Unarmed Combat
  8166 | Lair:1   | 8166 ||| Stepping ~*~*~tactically~*~*~ (hiding).
  8167 | Lair:1   | 8167 ||| Stepping ~*~*~tactically~*~*~ (hiding).
  8219 | Lair:1   | 8219 ||| Stepping ~*~*~tactically~*~*~ (stealth).
  8221 | Lair:1   | 8221 ||| INVOKING Fiery Armour.
  8235 | Lair:1   | Reached skill level 6 in Fighting
  8275 | Lair:1   | Noticed a cane toad
  8284 | Lair:1   | Killed a cane toad
  8285 | Lair:1   | Reached XP level 11. HP: 85/105 MP: 11/11
  8304 | Lair:1   | 8304 ||| Stepping ~*~*~tactically~*~*~ (stealth).
  8306 | Lair:1   | 8306 ||| Stepping ~*~*~tactically~*~*~ (stealth).
  8365 | Lair:1   | 8365 ||| Stepping ~*~*~tactically~*~*~ (stealth).
  8366 | Lair:1   | 8366 ||| Stepping ~*~*~tactically~*~*~ (stealth).
  8372 | Lair:1   | 8372 ||| Stepping ~*~*~tactically~*~*~ (outnumbered).
  8373 | Lair:1   | 8373 ||| Stepping ~*~*~tactically~*~*~ (outnumbered).
  8374 | Lair:1   | 8374 ||| Stepping ~*~*~tactically~*~*~ (outnumbered).
  8375 | Lair:1   | 8375 ||| Stepping ~*~*~tactically~*~*~ (outnumbered).
  8376 | Lair:1   | 8376 ||| Stepping ~*~*~tactically~*~*~ (stealth).
  8377 | Lair:1   | 8377 ||| Stepping ~*~*~tactically~*~*~ (outnumbered).
  8378 | Lair:1   | 8378 ||| Stepping ~*~*~tactically~*~*~ (outnumbered).
  8381 | Lair:1   | 8381 ||| Stepping ~*~*~tactically~*~*~ (stealth).
  8382 | Lair:1   | 8382 ||| Stepping ~*~*~tactically~*~*~ (outnumbered).
  8383 | Lair:1   | 8383 ||| Stepping ~*~*~tactically~*~*~ (outnumbered).
  8384 | Lair:1   | 8384 ||| Stepping ~*~*~tactically~*~*~ (outnumbered).
  8385 | Lair:1   | 8385 ||| Stepping ~*~*~tactically~*~*~ (outnumbered).
  8391 | Lair:1   | Reached skill level 15 in Unarmed Combat
  8394 | Lair:1   | 8394 ||| Stepping ~*~*~tactically~*~*~ (stealth).
  8399 | Lair:1   | 8399 ||| Stepping ~*~*~tactically~*~*~ (stealth).
  8435 | Lair:1   | 8435 ||| Stepping ~*~*~tactically~*~*~ (stealth).
  8486 | Lair:1   | 8486 ||| Stepping ~*~*~tactically~*~*~ (outnumbered).
  8487 | Lair:1   | 8487 ||| Stepping ~*~*~tactically~*~*~ (outnumbered).
  8539 | Lair:1   | 8539 ||| DRINKING 4 potions of cancellation.
  8584 | Lair:1   | 8584 ||| INVOKING Fiery Armour.
  8908 | Lair:1   | 8908 ||| UPGRADING to amulet of guardian spirit.
  8913 | Lair:1   | 8913 ||| READING scroll labelled ZOBAOXUNIPS.
  8936 | Lair:2   | 8936 ||| STAIRDANCE
  8944 | Lair:2   | 8944 ||| STAIRDANCE
  8946 | Lair:1   | 8946 ||| INVOKING Fiery Armour.
  8949 | Lair:1   | Reached skill level 16 in Unarmed Combat
  9001 | Lair:2   | 9001 ||| Stepping ~*~*~tactically~*~*~ (outnumbered).
  9002 | Lair:2   | 9002 ||| Stepping ~*~*~tactically~*~*~ (outnumbered).
  9003 | Lair:2   | 9003 ||| Stepping ~*~*~tactically~*~*~ (outnumbered).
  9004 | Lair:2   | 9004 ||| Stepping ~*~*~tactically~*~*~ (outnumbered).
  9196 | Lair:2   | 9196 ||| INVOKING Fiery Armour.
  9197 | Lair:2   | 9197 ||| Stepping ~*~*~tactically~*~*~ (outnumbered).
  9223 | Lair:2   | Reached XP level 12. HP: 109/118 MP: 12/12
  9283 | Lair:2   | 9283 ||| Stepping ~*~*~tactically~*~*~ (stealth).
  9290 | Lair:2   | 9290 ||| Stepping ~*~*~tactically~*~*~ (stealth).
  9292 | Lair:2   | 9292 ||| Stepping ~*~*~tactically~*~*~ (hiding).
  9299 | Lair:2   | Reached skill level 17 in Unarmed Combat
  9405 | Lair:2   | 9405 ||| Stepping ~*~*~tactically~*~*~ (stealth).
  9419 | Lair:2   | 9419 ||| Stepping ~*~*~tactically~*~*~ (stealth).
  9437 | Lair:2   | 9437 ||| Stepping ~*~*~tactically~*~*~ (hiding).
  9440 | Lair:2   | Found a staircase to the Snake Pit.
  9446 | Lair:2   | 9446 ||| Stepping ~*~*~tactically~*~*~ (stealth).
  9456 | Lair:2   | 9456 ||| Stepping ~*~*~tactically~*~*~ (stealth).
  9464 | Lair:2   | 9464 ||| Stepping ~*~*~tactically~*~*~ (hiding).
  9466 | Lair:2   | 9466 ||| Stepping ~*~*~tactically~*~*~ (stealth).
  9467 | Lair:2   | 9467 ||| Stepping ~*~*~tactically~*~*~ (hiding).
  9473 | Lair:2   | 9473 ||| Stepping ~*~*~tactically~*~*~ (stealth).
  9485 | Lair:2   | 9485 ||| INVOKING Fiery Armour.
  9519 | Lair:2   | Reached skill level 6 in Throwing
  9554 | Lair:2   | 9554 ||| Stepping ~*~*~tactically~*~*~ (stealth).
  9556 | Lair:2   | 9556 ||| Stepping ~*~*~tactically~*~*~ (stealth).
  9557 | Lair:2   | 9557 ||| Stepping ~*~*~tactically~*~*~ (stealth).
  9863 | Lair:2   | 9863 ||| INVOKING Fiery Armour.
  9865 | Lair:2   | 9865 ||| Stepping ~*~*~tactically~*~*~ (outnumbered).
 10026 | Lair:2   | 10026 ||| DROPPING ring of protection from cold.
 10040 | Lair:2   | 10040 ||| READING 7 scrolls of identify.
 10040 | Lair:2   | 10040 ||| IDENTIFYING fizzy amethyst potion
 10045 | Lair:2   | 10045 ||| READING 6 scrolls of identify.
 10045 | Lair:2   | 10045 ||| IDENTIFYING bubbling green potion
 10046 | Lair:2   | 10046 ||| DROPPING potion of brilliance.
 10096 | Lair:3   | Found a staircase to the Shoals.
 10097 | Lair:3   | 10097 ||| STAIRDANCE
 10111 | Lair:3   | 10111 ||| STAIRDANCE
 10193 | Lair:3   | 10193 ||| INVOKING Fiery Armour.
 10277 | Lair:3   | 10277 ||| Stepping ~*~*~tactically~*~*~ (stealth).
 10278 | Lair:3   | 10278 ||| Stepping ~*~*~tactically~*~*~ (stealth).
 10279 | Lair:3   | 10279 ||| Stepping ~*~*~tactically~*~*~ (stealth).
 10280 | Lair:3   | 10280 ||| Stepping ~*~*~tactically~*~*~ (stealth).
 10307 | Lair:3   | Reached skill level 18 in Unarmed Combat
 10341 | Lair:3   | 10341 ||| Stepping ~*~*~tactically~*~*~ (hiding).
 10597 | Lair:3   | 10597 ||| PLANNING TEMPLE
 10597 | Lair:3   | 10597 ||| DROPPING ring of magical power.
 10598 | Lair:3   | 10598 ||| DROPPING +6 ring of dexterity.
 10710 | Temple   | Entered the Ecumenical Temple
 10799 | Temple   | 10799 ||| PLANNING CONVERSION TO OKAWARU
 10806 | Temple   | Fell from the grace of Ignis
 10806 | Temple   | Became a worshipper of Warmaster Okawaru
 10807 | Temple   | 10807 ||| PLANNING LAIR
 10807 | Temple   | 10807 ||| REMOVING amulet of guardian spirit.
 10812 | Temple   | 10812 ||| DROPPING amulet of guardian spirit.
 10893 | Lair:3   | You fall into a shaft and drop 2 floors!
 10893 | Lair:5   | Entered Level 5 of the Lair of Beasts
 10929 | Lair:5   | Noticed an eight-headed hydra
 10930 | Lair:5   | 10930 ||| Stepping ~*~*~tactically~*~*~ (outnumbered).
 10931 | Lair:5   | 10931 ||| Stepping ~*~*~tactically~*~*~ (outnumbered).
 10933 | Lair:5   | 10933 ||| Stepping ~*~*~tactically~*~*~ (outnumbered).
 10937 | Lair:5   | 10937 ||| Stepping ~*~*~tactically~*~*~ (outnumbered).
 10938 | Lair:5   | 10938 ||| Stepping ~*~*~tactically~*~*~ (outnumbered).
 10939 | Lair:5   | 10939 ||| Stepping ~*~*~tactically~*~*~ (outnumbered).
 10940 | Lair:5   | 10940 ||| Stepping ~*~*~tactically~*~*~ (outnumbered).
 10942 | Lair:5   | 10942 ||| Stepping ~*~*~tactically~*~*~ (outnumbered).
 10948 | Lair:5   | 10948 ||| Stepping ~*~*~tactically~*~*~ (outnumbered).
 10949 | Lair:5   | 10949 ||| Stepping ~*~*~tactically~*~*~ (outnumbered).
 10951 | Lair:5   | 10951 ||| Stepping ~*~*~tactically~*~*~ (outnumbered).
 10955 | Lair:5   | 10955 ||| Stepping ~*~*~tactically~*~*~ (outnumbered).
 10956 | Lair:5   | 10956 ||| Stepping ~*~*~tactically~*~*~ (outnumbered).
 10957 | Lair:5   | 10957 ||| Stepping ~*~*~tactically~*~*~ (outnumbered).
 10957 | Lair:5   | HP: 15/119 [cane toad (16)]
 10958 | Lair:5   | 10958 ||| READING 2 scrolls of teleportation.
 10959 | Lair:5   | 10959 ||| DRINKING potion of heal wounds.
 10960 | Lair:5   | HP: 6/119 [poisoned by a cane toad]
 10962 | Lair:5   | 10962 ||| READING scroll of teleportation.
 10963 | Lair:5   | Slain by a water moccasin

Levels and vault maps discovered:
D:1:      kb_arrival_jail, layout_loops_ring
D:2:      layout_loops_corners, hellmonk_ecumenical_altar_crossroads,
          serial_shops, shop, minivault_26, minmay_tree_intersection
D:3:      layout_basic, serial_shops, nicolae_shop_bloodbath_and_beyond
D:4:      layout_layer_cave, nicolae_qazlal_eye_of_the_storm,
          mainiacjoe_overflow_brackets, kennysheep_orc_chapel
D:5:      layout_loops_corners, nicolae_yredelemnul_corpse_copse,
          mainiacjoe_overflow_catwalk, enter_ossuary_3
D:6:      layout_basic, portal_sewer_entry_e
D:7:      layout_loops_corners, minmay_temple_entry_antechambers, serial_shops,
          shop
D:8:      layout_loops_ring, due_lair_maze_entry_diamond, uniq_pikel,
          uniq_maggie
Temple:   nicolae_temple_elliptical
Lair:1:   layout_gridlike
Lair:2:   minmay_lair_oklob_chamber, layout_regular_city,
          guppyfry_snake_entry_garden, bobbens_dragon_lair_wall
Lair:3:   cheibrodos_lair_overgrown_chateau, layout_chaotic_city,
          minmay_shoals_entry_beasts
Lair:5:   minmay_lair_end_frog_pond, layout_regular_city

Skill      XL: |  1  2  3  4  5  6  7  8  9 10 11 12 |
---------------+-------------------------------------+-----
Throwing       | 1 2 3 4 5 6 |  6.0
Unarmed Combat | 4 5 6 7 8 10 12 14 16 18 | 18.0
Fighting       | 3 4 5 6 7 |  7.6
Dodging        | 1 2 |  2.6
Armour         | 1 |  1.0
Spellcasting   | |  1.0
Fire Magic     | |  2.1

Action                   |  1- 3 |  4- 6 |  7- 9 | 10-12 || total
-------------------------+-------+-------+-------+-------++-------
Melee: Unarmed           |    36 |    73 |   321 |   363 ||   793
       Punch             |     1 |     1 |    12 |    23 ||    37
Throw: Large rock        |    31 |    19 |    43 |    10 ||   103
       Boomerang         |       |       |    12 |       ||    12
       Javelin           |       |       |       |    22 ||    22
Invok: Fiery Armour      |     1 |     2 |     1 |     9 ||    13
  Use: Scroll            |     6 |     3 |    13 |     5 ||    27
       Potion            |     1 |     1 |     2 |     2 ||     6
Armor: Robe              |    13 |    17 |    73 |   139 ||   242
Dodge: Dodged            |    19 |    53 |   137 |   250 ||   459

Table legend:
 A = Non-vault XP
 B = Vault XP
 C = Vault XP percentage of total XP
 D = Non-vault monster count
 E = Vault monster count
 F = Vault count percentage of total count
                 A         B        C        D         E       F
            +---------+---------+-------+---------+---------+-------
      Total |   21567 |   10970 |  33.7 |     224 |     107 |  32.3
            +---------+---------+-------+---------+---------+-------
        D:1 |      19 |       0 |   0.0 |      12 |       0 |   0.0
        D:2 |      16 |       0 |   0.0 |       9 |       0 |   0.0
        D:3 |      80 |       0 |   0.0 |      13 |       0 |   0.0
        D:4 |      80 |      91 |  53.2 |      21 |       5 |  19.2
        D:5 |     936 |     221 |  19.1 |      27 |       7 |  20.6
        D:6 |     708 |      11 |   1.5 |      15 |       8 |  34.8
        D:7 |     956 |       0 |   0.0 |      22 |       0 |   0.0
        D:8 |    1427 |    2142 |  60.0 |      34 |      12 |  26.1
     Lair:1 |    9882 |       0 |   0.0 |      35 |       0 |   0.0
     Lair:2 |    4794 |    6717 |  58.4 |      26 |      23 |  46.9
     Lair:3 |    2518 |     796 |  24.0 |       9 |       2 |  18.2
     Lair:5 |     151 |     358 |  70.3 |       1 |       2 |  66.7
      Sewer |       0 |     188 | 100.0 |       0 |      27 | 100.0
    Ossuary |       0 |     446 | 100.0 |       0 |      21 | 100.0
            +---------+---------+-------+---------+---------+-------
